[Event "Team 45 45 League T58"]
[Site "Internet Chess Club"]
[Date "2013.09.14"]
[Round "4"]
[White "LazyPeon"]
[Black "GoIrish"]
[Result "0-1"]
[WhiteElo "1738"]
[BlackElo "1652"]
[Opening "King's Indian: fianchetto, classical variation, 8.e4"]
[ECO "E68"]
[Time "16:02:05"]
[TimeControl "2700+45"]

1. d4 Nf6 2. c4 g6 3. g3 Bg7 4. Bg2 O-O 5. Nc3 d6 6. Nf3 Nbd7 7. O-O e5 8. e4
exd4 9. Nxd4 Ne5 10. b3 Bd7 11. h3 Nc6 12. Nde2 Re8 13. Rb1 Qc8 14. Kh2 Ne5 15.
Nf4 a5 16. Bb2 a4 17. Nfd5 Nxd5 18. Nxd5 a3 19. Bc3 Be6 20. f4 Bxd5 21. cxd5
Ng4+ 22. hxg4 Bxc3 23. Qc2 Bb2 24. f5 Ra5 25. Qd2 Rc5 26. f6 Qd8 27. g5 Re5 28.
Qf4 h6 29. gxh6 Rh5+ 30. Bh3 Rc2+ 31. Rf2 Rxf2+ 32. Qxf2 Rxh6 33. Qf4 Rh5 34. g4
Be5 {White resigns} 0-1

[Event "Team 45 45 League T58"]
[Site "Internet Chess Club"]
[Date "2013.09.12"]
[Round "4"]
[White "BrerRabbit"]
[Black "nanning"]
[Result "1/2-1/2"]
[WhiteElo "1489"]
[BlackElo "1638"]
[Opening "Queen's pawn game"]
[ECO "A46"]
[Time "10:47:02"]
[TimeControl "2700+45"]

1. d4 Nf6 2. Nf3 c5 3. c3 e6 4. e3 Nc6 5. Bd3 d5 6. Nbd2 Bd6 7. O-O O-O 8. dxc5
Bxc5 9. e4 Qc7 10. exd5 exd5 11. Nb3 Bd6 12. Re1 h6 13. h3 Nd7 14. Be3 Nde5 15.
Nxe5 Nxe5 16. Qc2 Nxd3 17. Qxd3 Qc4 18. Rad1 Be6 19. Qxc4 dxc4 20. Rxd6 cxb3 21.
axb3 Bxb3 22. Rd7 b6 23. Bd4 f6 24. Ree7 Rf7 25. Rxf7 Bxf7 26. Be3 Kf8 27. Rd4
a6 28. Rd2 b5 29. b4 a5 30. bxa5 Rxa5 31. Bc5+ Kg8 32. Rd8+ Kh7 33. Rd7 Kg8
{Game drawn by mutual agreement} 1/2-1/2

[Event "Team 45 45 League T58"]
[Site "Internet Chess Club"]
[Date "2013.09.15"]
[Round "4"]
[White "SirIvanhoe"]
[Black "AlPearson"]
[Result "1-0"]
[WhiteElo "1539"]
[BlackElo "1394"]
[Opening "Caro-Kann: closed (Breyer) variation"]
[ECO "B10"]
[Time "13:01:56"]
[TimeControl "2700+45"]

1. e4 c6 2. d3 d5 3. Nd2 e5 4. Ngf3 Bd6 5. g3 Nf6 6. Bg2 O-O 7. O-O Bg4 8. b3
Nbd7 9. Bb2 b5 10. a4 a6 11. Ba3 b4 12. Bb2 d4 13. Nc4 Bxf3 14. Qxf3 Be7 15. Bh3
g5 16. Qf5 h6 17. Nxe5 c5 18. Nxd7 Nxd7 19. f4 Nb6 20. fxg5 Bxg5 21. Bc1 Nc8 22.
Bxg5 hxg5 23. Qxc5 a5 24. Bxc8 Rxc8 25. Qb5 Rxc2 26. Rf2 Rc3 27. Rb1 Qc7 28.
Qxg5+ Kh8 29. Rf6 Rg8 30. Qh6# {Black checkmated} 1-0

[Event "Team 45 45 League T58"]
[Site "Internet Chess Club"]
[Date "2013.09.17"]
[Round "4"]
[White "Jack-ONeill"]
[Black "dmarcolino"]
[Result "1/2-1/2"]
[WhiteElo "2077"]
[BlackElo "1927"]
[Opening "French: MacCutcheon, Lasker variation"]
[ECO "C12"]
[Time "16:32:37"]
[TimeControl "2700+45"]

1. e4 e6 2. d4 d5 3. Nc3 Nf6 4. Bg5 Bb4 5. e5 h6 6. Bd2 Bxc3 7. bxc3 Ne4 8. Qg4
Kf8 9. h4 Nxd2 10. Kxd2 c5 11. Rh3 c4 12. Rg3 Rg8 13. Nh3 b5 14. Nf4 g6 15. Rb1
a6 16. Rf3 Ke7 17. Nh3 Qf8 18. Qf4 Qg7 19. Be2 Bd7 20. g4 Bc6 21. g5 h5 22. Qf6+
Qxf6 23. gxf6+ Kd8 24. Rg3 Rh8 25. a3 a5 26. Nf4 Be8 27. Rgg1 Kc7 28. Bf3 Bc6
29. Nh3 {Game drawn by mutual agreement} 1/2-1/2

[Event "Team 45 45 League T58"]
[Site "Internet Chess Club"]
[Date "2013.09.15"]
[Round "4"]
[White "jjimalo"]
[Black "Ptzz"]
[Result "0-1"]
[WhiteElo "1940"]
[BlackElo "2099"]
[Opening "QGD Slav: 3.Nf3"]
[ECO "D11"]
[Time "12:00:50"]
[TimeControl "2700+45"]

1. d4 d5 2. c4 c6 3. Nf3 Nf6 4. g3 dxc4 5. a4 g6 6. Bg2 Bg7 7. Qc2 O-O 8. Qxc4
Be6 9. Qc2 Bf5 10. Qb3 Qb6 11. Qxb6 axb6 12. Nc3 Ne4 13. O-O Nxc3 14. bxc3 b5
15. a5 Nd7 16. Ne1 Nb6 17. e4 Be6 18. Nd3 Bc4 19. Rd1 Bxd3 20. Rxd3 Nc4 21. d5
Nxa5 22. Bg5 f6 23. Be3 Nc4 24. Rxa8 Rxa8 25. f4 Nxe3 26. Rxe3 Ra3 27. Kf2 Kf7
28. dxc6 bxc6 29. e5 fxe5 30. fxe5 Ra2+ 31. Kg1 Ra1+ 32. Kf2 Bh6 33. Rd3 Ra2+
34. Kf1 Ke6 35. Bxc6 Rxh2 36. Bxb5 Kxe5 37. c4 Rc2 38. Rf3 Bg5 39. Kg1 Bf6 40.
g4 Ke4 41. Bc6+ Ke5 42. Bb5 Bg5 43. Kf1 Bf4 44. Kg1 g5 45. Kf1 Kd4 46. Rh3 e5
47. Rxh7 e4 48. Rd7+ Ke3 49. Re7 Kf3 50. Ke1 Rc1# {White checkmated} 0-1

[Event "Team 45 45 League T58"]
[Site "Internet Chess Club"]
[Date "2013.09.14"]
[Round "4"]
[White "Tobiasdelmonte"]
[Black "taylorgang73"]
[Result "1-0"]
[WhiteElo "1870"]
[BlackElo "1785"]
[Opening "Sicilian: Scheveningen, Keres attack"]
[ECO "B81"]
[Time "15:18:24"]
[TimeControl "2700+45"]

1. e4 c5 2. Nf3 e6 3. d4 cxd4 4. Nxd4 Nf6 5. Nc3 d6 6. g4 h6 7. h4 Nc6 8. g5
hxg5 9. Bxg5 Be7 10. Qd2 Qb6 11. Ndb5 Ne5 12. Rh3 a6 13. Be3 Qd8 14. Nd4 Bd7 15.
O-O-O Qc7 16. Kb1 O-O-O 17. f4 Neg4 18. Bg1 Kb8 19. Nb3 Bc6 20. Qd4 e5 21. Qa7+
Kc8 22. Bb6 Qb8 23. Qxb8+ Kxb8 24. Bxd8 Rxd8 25. fxe5 Nxe4 26. Nxe4 Bxe4 27. Re1
d5 28. a3 Nxe5 29. Nd2 {Black resigns} 1-0

[Event "Team 45 45 League T58"]
[Site "Internet Chess Club"]
[Date "2013.09.14"]
[Round "4"]
[White "fledermaus"]
[Black "MeWantCookie"]
[Result "0-1"]
[WhiteElo "1931"]
[BlackElo "2033"]
[Opening "Benkö gambit"]
[ECO "A57"]
[Time "14:02:07"]
[TimeControl "2700+45"]

1. d4 Nf6 2. c4 c5 3. d5 b5 4. Nf3 Bb7 5. Nc3 b4 6. Na4 e6 7. dxe6 fxe6 8. e3
Be7 9. Be2 O-O 10. b3 d5 11. Bb2 Qd6 12. Be5 Qc6 13. Rc1 Nbd7 14. cxd5 exd5 15.
Nd4 Qc8 16. Bg3 Nb6 17. Nb2 Ne4 18. Bg4 Qe8 19. Ne6 Bf6 20. Nd3 Bc3+ 21. Rxc3
Nxc3 22. Qc2 Qg6 23. Nxf8 Rxf8 24. Bd1 Nd7 25. a4 Qe4 26. Nf4 Rxf4 27. Bxf4 Qxg2
28. Bf3 Qxf3 29. Rg1 Nf6 30. Be5 d4 31. exd4 Be4 32. Qd2 Ng4 33. dxc5 Nxe5 34.
Qd8+ Qf8 {White resigns} 0-1

[Event "Team 45 45 League T58"]
[Site "Internet Chess Club"]
[Date "2013.09.14"]
[Round "4"]
[White "Deckfuel"]
[Black "TerryMalloy"]
[Result "0-1"]
[WhiteElo "2001"]
[BlackElo "2036"]
[Opening "Sicilian: Najdorf, Adams attack"]
[ECO "B90"]
[Time "09:10:45"]
[TimeControl "2700+45"]

1. e4 c5 2. Nf3 d6 3. d4 cxd4 4. Nxd4 Nf6 5. Nc3 a6 6. h3 e6 7. g4 Be7 8. Bg2
Nc6 9. O-O Qc7 10. Nde2 O-O 11. Ng3 b5 12. f4 Qb6+ 13. Kh1 Bb7 14. g5 Nd7 15. f5
Rac8 16. f6 gxf6 17. gxf6 Nxf6 18. Bg5 Nd7 19. Bh6 Kh8 20. Nh5 Rg8 21. Rxf7 Nde5
22. Qf1 Nxf7 23. Qxf7 Qd4 24. Ne2 Qe5 25. Nef4 Rcf8 26. Bxf8 Rxf8 27. Qxe6 Qxe6
28. Nxe6 Rf2 29. Rc1 Nb4 30. a3 Nxc2 31. Kg1 Bh4 32. Nef4 Kg8 33. Rd1 Ne3 34.
Rxd6 Rxb2 35. Rb6 b4 36. axb4 Bc8 37. Rb8 Rc2 38. e5 Rc1+ 39. Kh2 Rc2 40. e6 Kf8
41. Ng3 Ke7 42. Ne4 Nxg2 43. Nxg2 Bxe6 44. Rb7+ Kd8 45. Rxh7 Be7 46. Kg3 Bxb4
47. Nf4 Bf5 48. Rh8+ Kd7 49. Nf6+ Kd6 50. N6d5 a5 51. Rb8 Be1+ 52. Kf3 a4 53.
Ra8 Ra2 54. Nb6 Bc2 55. Nc4+ Kc5 56. Rc8+ Kb4 57. Nd5+ Kb3 58. Nce3 a3 59. Rb8+
Ka4 60. Ke2 Ba5 61. Ra8 Be4+ 62. Kd1 Bxd5 63. Nxd5 Rd2+ 64. Kc1 Rxd5 65. Kb1 Rh5
66. Rb8 Rxh3 67. Ka2 Rh2+ 68. Ka1 Bb4 69. Rc8 Kb3 70. Rc1 Bc3+ 71. Kb1 a2#
{White checkmated} 0-1

[Event "Team 45 45 League T58"]
[Site "Internet Chess Club"]
[Date "2013.09.13"]
[Round "4"]
[White "Grebochess"]
[Black "fishhead"]
[Result "1-0"]
[WhiteElo "1729"]
[BlackElo "1771"]
[Opening "King's Indian: London system"]
[ECO "A48"]
[Time "14:00:10"]
[TimeControl "2700+45"]

1. d4 Nf6 2. Nf3 g6 3. Bf4 d6 4. e3 Nh5 5. Bg5 h6 6. Bh4 g5 7. Nfd2 Nf6 8. Bg3
Bg7 9. Bd3 Nc6 10. c3 e5 11. h3 Be6 12. Qc2 Qd7 13. Nf3 Nh5 14. Bh2 Bf6 15. g4
Ng7 16. Nbd2 exd4 17. Nxd4 Be5 18. Nxe6 Qxe6 19. O-O-O Qxa2 20. Bc4 Qa1+ 21. Nb1
Qa5 22. Rd5 Qb6 23. Rb5 Nd4 24. cxd4 Qc6 25. d5 Qa6 26. Bxe5 dxe5 27. d6 Qxd6
28. Rd1 Qe7 29. Rxb7 O-O 30. Qg6 Qc5 31. Qc2 Kh8 32. Rd7 Qc6 33. Rbxc7 Qh1+ 34.
Qd1 Qxh3 35. Rxf7 Rxf7 36. Rxf7 Rc8 37. b3 a5 38. Qf3 Qxf3 39. Rxf3 a4 40. Kb2
axb3 41. Bxb3 Kh7 42. Rf7 Kg6 43. Nc3 Rb8 44. Rc7 h5 45. Rc6+ Kh7 46. gxh5 Nxh5
47. Kc2 g4 48. Ne4 Rf8 49. Ng5+ Kh8 50. Rh6+ Kg7 51. Rh7+ Kg6 52. Bf7+ Kxg5 53.
Rxh5+ Kf6 54. Bd5 Kg6 55. Rh2 Kg5 56. Kd3 Rb8 57. Ke4 Rb2 58. f4+ {Black
resigns} 1-0

[Event "Team 45 45 League T58"]
[Site "Internet Chess Club"]
[Date "2013.09.15"]
[Round "4"]
[White "CaoCao"]
[Black "santiagoelawad"]
[Result "1/2-1/2"]
[WhiteElo "1838"]
[BlackElo "1977"]
[Opening "Caro-Kann: Gurgenidze system"]
[ECO "B15"]
[Time "11:06:22"]
[TimeControl "2700+45"]

1. e4 c6 2. d4 d5 3. Nc3 g6 4. exd5 cxd5 5. Qf3 Nf6 6. h3 Bg7 7. Bb5+ Nc6 8.
Bxc6+ bxc6 9. Nge2 O-O 10. O-O Bf5 11. Bg5 h6 12. Bh4 g5 13. Qxf5 gxh4 14. Rfe1
e6 15. Qf4 Nh5 16. Qd2 Qg5 17. Rad1 Bf6 18. Na4 Kh8 19. Qxg5 hxg5 20. Nc5 Rfd8
21. c3 Be7 22. Nd3 Bd6 23. Ne5 Bxe5 24. dxe5 c5 25. Rd2 Rab8 26. g4 hxg3 27.
fxg3 Rb7 28. Kg2 Rdb8 29. b3 a5 30. Nc1 a4 31. Nd3 Rc8 32. bxa4 Ra7 33. Nb2 Rb8
34. Kf3 Kg7 35. h4 Kg6 36. hxg5 Kxg5 37. Rh1 c4 38. Rdh2 Ng7 39. g4 f6 40. exf6
Kxf6 41. Rh6+ Kf7 42. R1h2 Rab7 43. Nd1 Ra7 {Game drawn by mutual agreement}
1/2-1/2

[Event "Team 45 45 League T58"]
[Site "Internet Chess Club"]
[Date "2013.09.15"]
[Round "4"]
[White "WillC"]
[Black "kidcobra"]
[Result "0-1"]
[WhiteElo "1688"]
[BlackElo "1810"]
[Opening "Queen's pawn game, Chigorin variation"]
[ECO "A04"]
[Time "17:58:57"]
[TimeControl "2700+45"]

1. Nf3 Nc6 2. d4 d5 3. Bf4 Nf6 4. e3 Bf5 5. c4 e6 6. a3 Bd6 7. Bg5 h6 8. Bh4 Bg4
9. c5 Be7 10. Bb5 O-O 11. Bxc6 bxc6 12. Nbd2 Ne4 13. Bxe7 Qxe7 14. Qc2 Nxd2 15.
Nxd2 e5 16. O-O e4 17. Qc3 Qg5 18. f4 exf3 19. Nxf3 Bxf3 20. Rxf3 Rfe8 21. Rg3
Qe7 22. Rf1 Rab8 23. Rf4 Qe6 24. b4 g5 25. h4 f6 26. Qd3 Kg7 27. hxg5 hxg5 28.
Rh4 Rh8 29. Rxh8 Rxh8 30. Rf3 Re8 31. Kf2 Qe4 32. Qe2 Qh4+ 33. Kg1 Qxd4 34. Rh3
Qa1+ 35. Kh2 Rh8 36. Rxh8 Kxh8 37. Qh5+ Kg7 38. Qe8 Qe5+ 39. Qxe5 fxe5 40. Kg3
Kf6 41. Kf3 e4+ 42. Ke2 Ke5 43. g4 d4 44. exd4+ Kxd4 45. Kd2 e3+ 46. Ke2 Ke4
{White resigns} 0-1

[Event "Team 45 45 League T58"]
[Site "Internet Chess Club"]
[Date "2013.09.14"]
[Round "4"]
[White "Timotheous"]
[Black "SugarIslander"]
[Result "0-1"]
[WhiteElo "1736"]
[BlackElo "1698"]
[Opening "English: Capablanca's variation"]
[ECO "A12"]
[Time "13:00:37"]
[TimeControl "2700+45"]

1. Nf3 d5 2. c4 c6 3. b3 Nf6 4. Bb2 Bg4 5. e3 Nbd7 6. Be2 e6 7. O-O Bd6 8. h3
Bh5 9. g4 Bg6 10. d3 h6 11. Nbd2 Qe7 12. a3 a5 13. b4 axb4 14. axb4 O-O 15. c5
Bc7 16. Nb3 e5 17. Na5 Bxa5 18. Rxa5 Rxa5 19. bxa5 Qxc5 20. Nxe5 Nxe5 21. Bxe5
Qxa5 22. Qc2 Qd8 23. Qc3 Re8 24. f4 Qe7 25. Bd4 Nd7 26. f5 Bh7 27. Rf3 c5 28.
Bxg7 d4 29. Bxd4 cxd4 30. Qxd4 Ne5 31. Rg3 Nc6 32. Qb6 Qb4 33. Qc7 Qe1+ {White
resigns} 0-1

[Event "Team 45 45 League T58"]
[Site "Internet Chess Club"]
[Date "2013.09.12"]
[Round "4"]
[White "stupidmeerkat"]
[Black "tightfist"]
[Result "1-0"]
[WhiteElo "1678"]
[BlackElo "1559"]
[Opening "French: Tarrasch, Guimard variation"]
[ECO "C04"]
[Time "19:26:07"]
[TimeControl "2700+45"]

1. e4 e6 2. d4 d5 3. Nd2 Nc6 4. Bb5 Bd7 5. Ne2 a6 6. Ba4 Na5 7. Bb3 Nxb3 8. axb3
c5 9. O-O Qb6 10. exd5 cxd4 11. dxe6 Bxe6 12. Nf3 Bc5 13. Nexd4 Rd8 14. Be3 Ne7
15. Nxe6 Rxd1 16. Bxc5 Rxf1+ 17. Rxf1 Qxe6 18. Re1 Qxe1+ 19. Nxe1 Kd7 20. Nd3
Nc6 21. Kf1 Re8 22. Nb4 Nd8 23. Be3 Re4 24. Nd3 Kc6 25. Ke2 f6 26. Kd2 Nf7 27.
Nf4 g6 28. Kd3 f5 29. Ne2 Ne5+ 30. Kd2 Rg4 31. Bd4 Kd5 32. Bxe5 Kxe5 33. g3 g5
34. c3 Ke4 35. h3 Kf3 36. hxg4 Kxg4 37. Nd4 h5 38. Ke3 h4 39. Ne2 h3 40. f3+ Kh5
41. Kf2 a5 42. Kg1 g4 43. f4 Kg6 44. Nd4 Kf6 45. c4 Kg6 46. Nb5 Kf6 47. Nd6 b6
48. Nc8 Ke6 49. Nxb6 Kd6 50. Nd5 Ke6 51. Nb6 Kd6 52. Kh2 Kc5 53. Nd7+ Kd6 54.
Ne5 Kc5 55. Ng6 Kd6 56. Ne5 Kc5 57. Nd3+ Kd4 58. Nf2 a4 59. bxa4 Kxc4 60. Nxh3
Kb4 61. b3 Ka5 62. Ng5 Kb4 63. Nf7 Kc5 64. Nh6 Kb4 65. Nxf5 Kc5 66. Ne3 {Black
resigns} 1-0

[Event "Team 45 45 League T58"]
[Site "Internet Chess Club"]
[Date "2013.09.14"]
[Round "4"]
[White "bat30"]
[Black "alexping"]
[Result "1/2-1/2"]
[WhiteElo "1913"]
[BlackElo "1808"]
[Opening "French: Steinitz variation"]
[ECO "C11"]
[Time "23:00:44"]
[TimeControl "2700+45"]

1. e4 e6 2. d4 d5 3. Nc3 Nf6 4. e5 Nfd7 5. Nf3 c5 6. dxc5 Nc6 7. Bg5 f6 8. exf6
gxf6 9. Bh4 Bxc5 10. Bd3 O-O 11. Qe2 Nde5 12. O-O-O Nxd3+ 13. Qxd3 a6 14. g4 Be7
15. Rhg1 Ne5 16. Qe2 Ng6 17. Bg3 b5 18. h4 Bd6 19. h5 Nf4 20. Qe3 Qc7 21. Kb1 b4
22. Ne2 Nxe2 23. Qxe2 Bxg3 24. Rxg3 Bd7 25. g5 f5 26. g6 h6 27. Ne5 f4 28. Rg4
Rf5 29. Nxd7 Qxd7 30. Rd4 f3 31. Qe3 Rxh5 32. Qxf3 Rf8 33. Qg2 Kg7 34. Rxb4 e5
35. a3 Rhf5 36. Qh2 Qc7 37. Qh1 e4 38. Qd1 Rd8 39. Qd4+ Kg8 40. Rh4 Qg7 41. Rxe4
Rxf2 42. Qxf2 dxe4 43. Rxe4 Rd1+ 44. Ka2 Qxg6 45. Qf3 Qf7+ 46. Qxf7+ Kxf7 47.
Ra4 Rd6 48. c4 h5 49. c5 Rh6 50. Rh4 Ke6 51. b4 Kd5 52. Kb3 a5 53. Ka4 axb4 54.
axb4 Rh8 55. Kb3 Rh7 56. Kc3 {Game drawn by mutual agreement} 1/2-1/2

[Event "Team 45 45 League T58"]
[Site "Internet Chess Club"]
[Date "2013.09.13"]
[Round "4"]
[White "bobhill"]
[Black "HumanTornado"]
[Result "0-1"]
[WhiteElo "1922"]
[BlackElo "1981"]
[Opening "Queen's bishop game"]
[ECO "D02"]
[Time "23:13:33"]
[TimeControl "2700+45"]

1. d4 Nf6 2. Nf3 d5 3. Bf4 Bf5 4. e3 c6 5. c4 Qb6 6. Qb3 Nbd7 7. c5 Qxb3 8. axb3
h6 9. Nbd2 g5 10. Bg3 Bg7 11. b4 O-O 12. Be2 Rfc8 13. O-O Bg6 14. Nb3 Nh5 15.
Na5 Nxg3 16. hxg3 Rc7 17. b5 cxb5 18. Bxb5 Rb8 19. Rfc1 a6 20. Bf1 b6 21. cxb6
Rxc1 22. Rxc1 Rxb6 23. Rc8+ Bf8 24. Nc6 Kg7 25. Nce5 Bf5 26. Rd8 Nxe5 27. Nxe5
f6 28. Nd7 Rd6 29. Bxa6 Rxd7 30. Rb8 Ra7 31. Bb7 e6 32. Bc8 Rc7 33. b4 Bxb4 34.
Bxe6 Bxe6 35. Rxb4 Rc1+ 36. Kh2 Rc2 37. f3 g4 38. Rb6 Kf7 39. Rb7+ Kg6 40. Re7
gxf3 41. Ra7 Rxg2+ 42. Kh1 Bf5 43. g4 Rxg4 44. Kh2 f2 45. e4 f1=N+ 46. Kh3 Rxe4+
47. Kg2 Ne3+ 48. Kf2 Ng4+ 49. Kg3 Rxd4 50. Re7 Re4 51. Ra7 d4 52. Ra8 Kg5 53.
Rd8 d3 54. Rd5 Re2 55. Rd8 Ne5 56. Rg8+ Bg6 57. Rd8 d2 58. Kh3 Nd3 59. Rd5+ Re5
{White resigns} 0-1

[Event "Team 45 45 League T58"]
[Site "Internet Chess Club"]
[Date "2013.09.15"]
[Round "4"]
[White "Zugzwanged"]
[Black "Beetlejuice"]
[Result "1/2-1/2"]
[WhiteElo "1755"]
[BlackElo "1767"]
[Opening "Sicilian: closed"]
[ECO "B23"]
[Time "10:03:57"]
[TimeControl "2700+45"]

1. e4 c5 2. Nc3 a6 3. f4 b5 4. Nf3 Bb7 5. d3 e6 6. g3 Nf6 7. Bg2 Nc6 8. O-O d6
9. f5 exf5 10. exf5 Be7 11. Bd2 O-O 12. h3 b4 13. Ne4 d5 14. Nxf6+ Bxf6 15. Rb1
Nd4 16. Nxd4 Bxd4+ 17. Kh2 Be5 18. Qg4 Qc7 19. f6 g6 20. Bf4 Bxf4 21. Rxf4 h6
22. Re1 Rae8 23. Rff1 Kh7 24. h4 Qd6 25. d4 c4 26. Re2 Bc8 27. Qf3 Re6 28. Bh3
Rxe2+ 29. Qxe2 Bxh3 30. Kxh3 Qe6+ 31. Qxe6 fxe6 32. g4 g5 33. h5 Kg8 34. Rf3 Kf7
35. Kg3 Ke8 36. Kf2 Kd7 37. Ke3 Rf7 38. a3 a5 39. axb4 axb4 40. Rf1 Kd6 41. Rf2
e5 42. dxe5+ Kxe5 43. Rf5+ Ke6 44. Kd4 Rxf6 45. Rxf6+ Kxf6 46. Kxd5 c3 47. bxc3
bxc3 48. Kd4 Ke6 49. Kxc3 Ke5 50. Kd3 Kf4 51. c4 Kxg4 52. c5 Kf5 53. Kc4 Ke6 54.
Kd4 Kd7 55. Kd5 Kc7 56. Ke5 Kc6 57. Kd4 Kc7 58. Ke5 Kd7 59. Kd5 Kc7 60. Ke5
{Game drawn by repetition} 1/2-1/2

[Event "Team 45 45 League T58"]
[Site "Internet Chess Club"]
[Date "2013.09.13"]
[Round "4"]
[White "qs16"]
[Black "calily"]
[Result "0-1"]
[WhiteElo "1661"]
[BlackElo "1608"]
[Opening "Queen's pawn: stonewall attack"]
[ECO "A45"]
[Time "04:01:55"]
[TimeControl "2700+45"]

1. d4 Nf6 2. e3 d5 3. Bd3 e6 4. Nd2 c5 5. c3 Bd6 6. f4 Nbd7 7. Ngf3 O-O 8. O-O
cxd4 9. cxd4 a6 10. Ne5 Re8 11. Rf3 b5 12. Rh3 g6 13. Qe1 Rb8 14. Qh4 Bb7 15.
Ndf3 Nh5 16. Nxd7 Qxd7 17. g4 Be7 18. Qf2 Nf6 19. Ne5 Qc7 20. g5 Nh5 21. Rxh5
gxh5 22. Qe2 Bd6 23. Qxh5 f5 24. gxf6 Rf8 25. f7+ Rxf7 26. Nxf7 Qxf7 27. Qxf7+
Kxf7 28. Bd2 h6 29. Kf2 Rg8 30. Rg1 Rg7 31. Rg3 Kf6 32. Kf3 Bc6 33. Rxg7 Kxg7
34. Kg4 Be8 35. f5 exf5+ 36. Bxf5 Bxh2 37. b4 h5+ 38. Kg5 Bc7 39. Be6 Bd8+ 40.
Kf4 Bc7+ 41. Kf3 Bc6 42. Be1 Bb7 43. Bg3 Bd8 44. Be5+ Kg6 45. Bd7 Bg5 46. Bd6
Kf7 47. Bf4 Bd8 48. Kg3 Ke7 49. Bf5 Kf7 50. Kf3 Kf6 51. Bd7 Ke7 52. Bh3 Kf7 53.
Kg3 Kg6 54. Kf3 Be7 55. a3 Bd8 56. Bf1 Bc8 57. Bd3+ Bf5 58. e4 dxe4+ 59. Bxe4
Bxe4+ 60. Kxe4 Bf6 61. d5 Kf7 62. d6 Ke6 63. d7 Kxd7 64. Kd5 Bb2 65. Kc5 Bxa3
66. Kb6 Bxb4 67. Kxa6 Bd6 68. Bg5 b4 69. Ka5 Kc6 70. Ka4 Kd5 71. Kb3 Ke4 72. Kc4
Kf5 73. Bh4 Kg4 74. Bf6 h4 75. Kd5 Bf8 76. Be5 h3 77. Ke4 Bc5 78. Bh2 Bf2 79.
Kd3 Kf3 80. Kc4 Be1 81. Kb3 Kg2 82. Bd6 h2 83. Bxh2 Kxh2 84. Kc2 Kg3 85. Kd1 Bc3
86. Kc2 Kf2 87. Kd3 Ke1 88. Kc2 {White resigns} 0-1

[Event "Team 45 45 League T58"]
[Site "Internet Chess Club"]
[Date "2013.09.21"]
[Round "4"]
[White "mongmong"]
[Black "MateMaster"]
[Result "1-0"]
[WhiteElo "1602"]
[BlackElo "1542"]
[Opening "Queen's pawn game"]
[ECO "A46"]
[Time "18:31:35"]
[TimeControl "2700+45"]

1. d4 Nf6 2. Nf3 e6 3. e4 d5 4. exd5 exd5 5. Bd3 Bd6 6. O-O O-O 7. Bg5 Be6 8. c3
Nbd7 9. Nbd2 c5 10. Re1 c4 11. Bc2 b5 12. Ne5 Be7 13. Nxd7 Qxd7 14. Nf3 a5 15.
Ne5 Qd8 16. Nc6 Qd7 17. Nxe7+ Qxe7 18. Bf5 h6 19. Bh4 b4 20. Bxe6 fxe6 21. Qe2
Rfe8 22. Qe5 Ra7 23. Bxf6 Qxf6 24. Re2 Qxe5 25. Rxe5 b3 26. a3 a4 27. Rae1 Ra6
28. Rxd5 Kf7 29. Rde5 Rd6 30. h3 Kf6 31. Rc5 Kf7 32. Rxc4 Ra6 33. Rc5 g5 34.
Rce5 Rd6 35. Ra5 Rd7 36. Rxa4 Rb7 37. Ra5 Rb6 38. Rae5 Re7 39. d5 Kf8 40. dxe6
Rbb7 41. f3 Kg7 42. Kf2 Kg6 43. R5e4 h5 44. h4 gxh4 45. Rxh4 Rb5 46. Rhe4 Rb6
47. g3 Kf6 48. Re5 Kg6 49. f4 Rd6 50. R1e2 Rb6 51. Kf3 Kf6 52. Rxh5 Rbxe6 53.
Rxe6+ Rxe6 54. Re5 Rb6 55. g4 Kf7 56. f5 Kf6 57. Re6+ Rxe6 58. fxe6 Kxe6 59. Kf4
Kf6 60. Ke4 Kg5 61. Kd4 Kxg4 62. Kc4 Kf5 63. Kxb3 Ke6 64. Kb4 Kd6 65. Kb5 Kd5
66. a4 Kd6 67. Kb6 Kd7 68. Kb7 Kd6 69. a5 Kc5 70. a6 Kb5 71. a7 Kc4 72. a8=Q Kb3
73. Qa3+ Kc2 74. c4 Kb1 75. c5 Kc2 76. c6 Kc1 77. c7 Kb1 78. b4 Kc2 79. b5 Kb1
80. b6 Kc2 81. c8=Q+ Kb1 82. Qcc1# {Black checkmated} 1-0

[Event "Team 45 45 League T58"]
[Site "Internet Chess Club"]
[Date "2013.09.13"]
[Round "4"]
[White "dknight"]
[Black "pcvan"]
[Result "1-0"]
[WhiteElo "1369"]
[BlackElo "1485"]
[Opening "French: exchange, Svenonius variation"]
[ECO "C01"]
[Time "18:00:42"]
[TimeControl "2700+45"]

1. e4 e6 2. d4 d5 3. exd5 exd5 4. Nc3 Nf6 5. Bg5 Bd6 6. Nf3 O-O 7. Be2 Bf5 8.
O-O Nbd7 9. Nxd5 h6 10. Bxf6 Nxf6 11. Nc3 Re8 12. Bd3 Qd7 13. Qd2 Bg4 14. Kh1
Bxf3 15. gxf3 Qh3 16. f4 Qf3+ 17. Kg1 Bxf4 18. Be2 Rxe2 19. Qxe2 Qh3 20. f3 Re8
21. Qg2 Qh4 22. Ne2 Bxh2+ 23. Qxh2 Qxh2+ 24. Kxh2 Rxe2+ 25. Kg3 Rxc2 26. b3 Nd5
27. Rfe1 b6 28. Re8+ Kh7 29. Rd8 Nf6 30. Ra8 a5 31. Rd8 Rd2 32. a3 Rd3 33. b4 a4
34. Rc8 Nd5 35. b5 Rxd4 36. Rd8 g5 37. Rc1 h5 38. Rxc7 h4+ 39. Kf2 Nxc7 40. Rxd4
Nxb5 41. Rxa4 Nc3 42. Rb4 Nd1+ 43. Kg1 Ne3 44. Rxb6 f5 45. a4 g4 46. fxg4 fxg4
47. a5 Nc4 48. Rb7+ Kg6 49. a6 g3 50. a7 h3 51. a8=Q h2+ 52. Kg2 Ne3+ 53. Kxg3
h1=Q 54. Qa6+ Kf5 55. Rf7+ Ke5 56. Re7+ Kd4 57. Qd6+ Qd5 58. Qf4+ Kc5 59. Qxe3+
Kd6 60. Qa3+ Kc6 61. Qf3 {Black resigns} 1-0

[Event "Team 45 45 League T58"]
[Site "Internet Chess Club"]
[Date "2013.09.14"]
[Round "4"]
[White "Merlin43"]
[Black "tornado100"]
[Result "1-0"]
[WhiteElo "1395"]
[BlackElo "1414"]
[Opening "Queen's pawn, Mason variation"]
[ECO "D00"]
[Time "09:15:03"]
[TimeControl "2700+45"]

1. d4 d5 2. Bf4 Nf6 3. e3 Bf5 4. c4 c6 5. Nf3 Nbd7 6. Nbd2 e6 7. Qb3 b6 8. cxd5
e5 9. Bxe5 cxd5 10. Bb5 Be6 11. Bc6 Rc8 12. Qa4 a5 13. Bb7 Be7 14. O-O O-O 15.
Bxc8 Qxc8 16. Rfc1 Qa6 17. Rc6 Nxe5 18. dxe5 Nd7 19. Nd4 Nxe5 20. Nxe6 Nxc6 21.
Nxf8 b5 22. Qb3 Kxf8 23. Rc1 Nd8 24. Qxd5 Qd6 25. Qxd6 Bxd6 26. Ne4 Be7 27. Rc8
Ke8 28. Ra8 a4 29. Nc3 b4 30. Nxa4 Kd7 31. Kf1 h5 32. Ke2 h4 33. Nb6+ Kc6 34.
Nc4 f6 35. Ra7 Bf8 36. f4 Kc5 37. Rc7+ Kb5 38. Nd2 Ne6 39. Rf7 Kc5 40. f5 Ng5
41. Rxf8 h3 42. gxh3 Nxh3 43. Rf7 Nf4+ 44. exf4 b3 45. Nxb3+ Kc4 46. Nd2+ Kd4
47. Rxg7 Kc5 48. h4 Kd4 49. h5 Kd5 50. h6 Kc5 51. h7 Kd5 52. h8=Q Kd4 53. Rc7
Kd5 54. Qd8# {Black checkmated} 1-0

[Event "Team 45 45 League T58"]
[Site "Internet Chess Club"]
[Date "2013.09.14"]
[Round "4"]
[White "Bizzy-Ketty"]
[Black "Visin"]
[Result "0-1"]
[WhiteElo "1409"]
[BlackElo "1323"]
[Opening "Four knights: Italian variation"]
[ECO "C55"]
[Time "08:30:34"]
[TimeControl "2700+45"]

1. e4 e5 2. Nf3 Nc6 3. Bc4 Nf6 4. Nc3 h6 5. O-O Be7 6. d3 d6 7. h3 O-O 8. Be3
Na5 9. Bb3 Nxb3 10. axb3 a6 11. Qd2 Be6 12. Rfe1 Nh7 13. d4 exd4 14. Bxd4 Bf6
15. Be3 Ng5 16. Nxg5 Bxg5 17. Bxg5 Qxg5 18. Qxg5 hxg5 19. Re3 Rad8 20. Rd1 c6
21. Red3 f6 22. Rxd6 Rxd6 23. Rxd6 Bc8 24. Rd3 Kf7 25. Rf3 Ke7 26. Kh2 Rd8 27.
Rd3 Rxd3 28. cxd3 a5 29. d4 Be6 30. d5 cxd5 31. exd5 Bd7 32. Kg3 Kd6 33. Kf3 f5
34. g4 g6 35. Kg3 b5 36. gxf5 gxf5 37. Kf3 b4 38. Na4 Bxa4 39. bxa4 Kxd5 40. Ke3
Kc4 41. f4 gxf4+ 42. Kxf4 Kb3 43. h4 Kxb2 44. h5 b3 45. h6 Ka3 46. h7 b2 47.
h8=Q b1=Q 48. Qf8+ Qb4+ 49. Qxb4+ Kxb4 50. Kxf5 Kxa4 51. Ke4 Kb3 52. Kd3 Kb2 53.
Kd2 a4 54. Kd3 a3 55. Kc4 a2 56. Kb4 a1=Q 57. Kc5 Kc3 58. Kd5 Qa4 59. Ke5 Kd3
60. Kd6 Qb5 61. Ke6 Ke4 62. Kd6 Kf5 63. Ke7 Qb6 64. Kd7 Kf6 65. Kc8 Qa7 66. Kd8
Ke6 67. Kc8 Kd6 68. Kd8 Qd7# {White checkmated} 0-1